 Dungeon Crawl Stone Soup version 0.30-a0-137-gd8773701ce (webtiles) character file.

Game seed: 146732853417042788

18 Flugkiller the Shooter (level 2, 0/24 HPs)
             Began as a Formicid Hunter on Sept 21, 2022.
             Slain by an adder (4 damage)
             ... on level 1 of the Dungeon.
             The game lasted 00:00:24 (683 turns).

Flugkiller the Shooter (Formicid Hunter)             Turns: 683, Time: 00:00:24

Health: 0/24       AC:  3    Str: 15    XL:     2   Next: 85%
Magic:  2/2        EV: 12    Int:  8    God:
Gold:   94         SH:  0    Dex: 17    Spells: 1/1 levels left

rFire   . . .      SeeInvis +    a - +0 shortbow
rCold   . . .      Faith    .    (no shield)
rNeg    . . .      Spirit   .    c - +0 leather armour
rPois   .          Reflect  .    (helmet unavailable)
rElec   .          Harm     .    (no cloak)
rCorr   .          Rampage  .    (no gloves)
Will    .....                    (no boots)
Stlth   ++........               (no amulet)
HPRegen 0.08/turn                (no ring)
MPRegen 0.08/turn                (no ring)

@: brilliant, invisible
A: permanent stasis, dig shafts and tunnels, antennae 3, four strong arms
a: Dig, Shaft Self


You were on level 1 of the Dungeon.
You visited 1 branch of the dungeon, and saw 2 of its levels.

You collected 94 gold pieces.

Inventory:

Hand Weapons
 a - a +0 shortbow (weapon)
Armour
 c - a +0 leather armour (worn)
Scrolls
 b - a scroll of immolation
 f - a scroll of identify {unknown}
 g - a scroll of fog {unknown}


   Skills:
 + Level 3.5 Fighting
 - Level 4.0 Ranged Weapons
 - Level 1.7 Dodging
 - Level 1.2 Stealth


You had one spell level left.
You didn't know any spells.
Your spell library contained the following spells:

 Spells                   Type           Power      Damage    Failure   Level
 Dazzling Flash           Conj/Hex       0%         N/A       85%         3
 Iskenderun's Mystic Bla  Conj/Tloc      0%         2d3       99%         4
 Starburst                Conj/Fire      0%         6d3       100%        6


Dungeon Overview and Level Annotations

Branches:
Dungeon (2/15) Zot: 11306

Altars:


Innate Abilities, Weirdness & Mutations

You cannot be hasted, slowed, berserked, paralysed or teleported.
You can dig through walls and to a lower floor.
You have a pair of large antennae on your head. (SInv)
Your four strong arms can wield two-handed weapons with a shield.


Message History

There are monsters nearby!
There are monsters nearby!
There are monsters nearby!
There are monsters nearby!
You shoot an arrow. The arrow hits the bat.
The bat is heavily wounded.
The kobold shouts!
The bat closely misses you.
You hear an angry hiss.
You shoot an arrow. The arrow hits the bat.
You kill the bat!
You shoot an arrow. The arrow hits the goblin!
You kill the goblin!
An endoplasm comes into view.
The kobold hits you with a +0 short sword.
A frilled lizard comes into view.
You shoot an arrow. The endoplasm quivers.
The arrow hits the kobold!
You kill the kobold!
You shoot an arrow. The arrow hits the rat.
You kill the rat!
You shoot an arrow. The arrow hits the endoplasm!
You kill the endoplasm!
You shoot an arrow. The arrow hits the frilled lizard.
You kill the frilled lizard!
No target in view!
No target in view!
No target in view!
No target in view!
No target in view!
No target in view!
No target in view!
No target in view!
No target in view!
No target in view!
No target in view!
No target in view!
No target in view!
An adder comes into view.
The adder hisses angrily.
An adder comes into view.
The adder moves out of view.
An adder is nearby!
An adder is nearby!
You shoot an arrow. The arrow barely misses the adder.
The adder hisses angrily.
You shoot an arrow. The arrow closely misses the adder.
You shoot an arrow. The arrow misses the adder.
The adder bites you but does no damage.
You shoot an arrow.
The arrow hits the adder but does no damage.
The adder barely misses you. x2; The adder bites you but does no damage.
You shoot an arrow. The arrow misses the adder.
The adder bites you.
You are poisoned.
The adder poisons you! The adder closely misses you.
You feel sick. The adder bites you. The adder misses you.
You shoot an arrow. The arrow hits the adder.
The adder is moderately wounded.
You feel sick. The adder bites you. The adder closely misses you.
You are too injured to fight recklessly!
You feel sick.
You are no longer poisoned.
The adder closely misses you. The adder misses you.
There is a stone staircase leading up here.
The adder bites you.
You are poisoned.
The adder poisons you! The adder bites you.
You climb upwards.
You feel sick.
There is a stone staircase leading down here.
You feel sick.
You feel sick. The adder bites you.
* * * LOW HITPOINT WARNING * * *
You feel sick.
You are too injured to fight recklessly!
It was a potion of brilliance.
You feel clever all of a sudden.
You feel sick.
You are no longer poisoned.
The adder misses you.
It was a potion of invisibility.
You fade into invisibility!
The adder closely misses you. x2
Non-targeted abil: Dig
Press: ? - help, Q - select action, (/) - cycle Dir - look around, f - activate You extend your mandibles.
Non-targeted abil: Dig
Press: ? - help, Q - select action, (/) - cycle Dir - look around, f - activate You retract your mandibles.
Unknown command.
Unknown command.
Unknown command.
Fire: a) +0 shortbow
Press: ? - help, Q - select action, (/) - cycle Shift-Dir - straight line, f - adder
Aim: an adder (unable to see you, 46% to hit)
You shoot an arrow. The arrow closely misses the adder.
The arrow hits the adder.
The adder is severely wounded.
The adder bites you.
You die...

# ### #.#.#..###..#..# #
##.###.#.#.......#..# #
#(#......#.......#..#
#####.####..#########..#
......# ##............#
#####.# ###.#..#####.#
.## #.### #..........#
..###...# ####.#######
.....♣..## #@#
...♣..♣.P## #S#
...♣....PP######S##
...P...........>..#
.P...P......####..#
........P..## #..#
P.....P....# #..#
...<.......# #..#
P.....P..P.# #..#


You could see 2 adders.

Vanquished Creatures
  A dart slug (D:1)
  A bat (D:2)
  3 endoplasms
  2 goblins
  A hobgoblin (D:1)
  A quokka (D:1)
  2 frilled lizards
  2 kobolds
  A rat (D:2)
14 creatures vanquished.

Notes
Turn   | Place    | Note
-------+----------+-------------------------------------------
     0 | D:1      | Flugkiller the Formicid Hunter began the quest for the Orb.
     0 | D:1      | Reached XP level 1. HP: 16/16 MP: 1/1
   126 | D:1      | Reached XP level 2. HP: 23/23 MP: 2/2
   502 | D:1      | Found a faded altar of an unknown god.
   683 | D:1      | Slain by an adder

Illustrated notes

Levels and vault maps discovered:
D:1:      wander_arrival_fairy_ring, layout_loops_ring,
          hellmonk_ecumenical_altar_inner_sanctum
D:2:      layout_basic, basic_altar, serial_shops, nicolae_shop_crystal,
          shop_fountains, shop, nicolae_shop_unique_rings

Skill      XL: |  1  2 |
---------------+-------+-----
Fighting       | 3 |  3.5
Ranged Weapons | |  4.0
Dodging        | |  1.7
Stealth        | |  1.2

Action                   || total
-------------------------++-------
 Fire: Shortbow          ||    28
 Abil: Dig               ||     2
  Use: Potion            ||     2
Armor: Leather armour    ||     2
Dodge: Dodged            ||    11

Table legend: (Time is in decaauts)
 A = Elapsed time spent in this place.
 B = Non-inter-level travel time spent in this place.
 C = Inter-level travel time spent in this place.
 D = Time resting spent in this place.
 E = Time spent auto-exploring this place.
 F = Levels seen in this place.
 G = Mean time per level.
                   A        B        C        D        E       F      G
               +--------+--------+--------+--------+--------+-----+--------+
         Total |    692 |    677 |     15 |      0 |    601 |   2 |  346.0 |
       Dungeon |    692 |    677 |     15 |      0 |    601 |   2 |  346.0 |
               +--------+--------+--------+--------+--------+-----+--------+

Top non-repeatable levels by time:
     D:1: 669 daAuts
     D:2: 23 daAuts
